AoeStats
← 肥肠拌面

Nomad

510343125Analyzed
4v4 RM · 22h ago on Sep 30, 2026· 25m 42s· 8 players
Game mode
Random Map
Map size
231×231
Population
200
Speed
Normal
Resources
Standard
Victory
Conquest
Starting age
Dark Age
Ending age
Imperial Age
RankedLock teamsTeams togetherTeam positionsShared explorationLock speedFull tech treeHidden civsTurbo modeCheats
Victory
Defeat
🇨🇳 Vietnamese · China
1376
+10
🇨🇳 Mongols · China
1338
+12
🇨🇳 Varangians · China
1233
+16
🇨🇳 Danes · China
1002
+26
🇫🇷 Persians · France
1286
-18
🇹🇼 Mongols · Taiwan
1241
-16
🇷🇴 Vietnamese · Romania
1227
-16
🇩🇪 Saxons · Germany
1186
-14
poppypon
4:52 Loom
14:40 Feudal Age
15:43 Double-Bit Axe
18:38 Castle Age
16:30 Stone Mining
18:03 Gold Mining
18:32 Horse Collar
19:51 Bow Saw
21:39 Fletching
Nonol
5:55 Loom
13:41 Feudal Age
17:16 Castle Age
16:26 Fishing Lines
18:31 Town Watch
20:13 Double-Bit Axe
20:43 Gillnets
25:21 Bloodlines
SemperBlender
5:47 Loom
15:22 Feudal Age
17:08 Wheelbarrow
18:20 Double-Bit Axe
19:16 Fletching
20:29 Gold Mining
23:57 Castle Age
21:52 Stone Mining
24:56 Bodkin Arrow
Sageata
5:20 Loom
16:02 Feudal Age
25:19 Castle Age
24:46 Double-Bit Axe
种田使我快乐
12:09 Loom
14:28 Feudal Age
16:20 Double-Bit Axe
21:50 Castle Age
21:30 Wheelbarrow
21:34 Fishing Lines
24:59 Gold Mining
25:00 Stone Mining
6988
4:35 Loom
12:34 Feudal Age
13:22 Double-Bit Axe
13:35 Horse Collar
14:04 Gold Mining
14:27 Fletching
22:36 Castle Age
24:09 Medium Warships
24:31 Bow Saw
24:26 Heavy Plow
24:24 Bodkin Arrow
时尚
7:58 Loom
13:30 Feudal Age
17:07 Castle Age
14:56 Double-Bit Axe
18:47 Medium Warships
18:18 Fishing Lines
19:38 Fletching
20:57 Bodkin Arrow
21:41 Padded Archer Armor
21:56 Gold Mining
25:10 Wheelbarrow
肥肠拌面
3:03 Loom
13:37 Feudal Age
18:55 Castle Age
18:35 Scale Mail Armor
18:27 Arson
25:01 Double-Bit Axe
Connection lost

Rejoining the realm…

Still unreachable

The connection could not be restored.

Session expired

The server has moved on; the page needs a fresh start.